 Dungeon Crawl Stone Soup version 0.30-b1-2-g02819fbbbe (webtiles) character file.

Game seed: 15674586247445344076

39 Flugkiller the Slasher (level 3, -2/30 HPs)
             Began as a Djinni Fighter on May 19, 2023.
             Slain by Terence
             ... wielding a +2 flail of protection
              (8 damage)
             ... on level 2 of the Dungeon.
             The game lasted 00:00:39 (815 turns).

Flugkiller the Slasher (Djinni Fighter)              Turns: 815, Time: 00:00:40

Health: -2/30      AC:  6    Str: 15    XL:     3   Next: 70%
Gold:   42         EV:  8    Int: 11    God:
                   SH:  4    Dex: 12

rFire   + + .        a - +0 long sword
rCold   x . .        c - +0 buckler
rNeg    . . .        b - +0 scale mail
rPois   ∞            (no helmet)
rElec   .            (no cloak)
rCorr   .            (no gloves)
SInv    .            (boots unavailable)
Will    .....        (no amulet) Stlth
                     (no ring)
HPRegen 0.25/turn    (no ring)
MPRegen 0.00/turn

%: infuse magic (-3 HP)
@: mighty, flying
A: sickness immunity, fire resistance 2, cold vulnerability 1, float, innate
caster, HP casting, extra vitality 1
a: no special abilities


You were on level 2 of the Dungeon.
You visited 1 branch of the dungeon, and saw 2 of its levels.

You collected 42 gold pieces.

Inventory:

Hand Weapons
 a - a +0 long sword (weapon)
Armour
 b - a +0 scale mail (worn)
 c - a +0 buckler (worn)
Scrolls
 e - a scroll of identify {unknown}
 h - a scroll of blinking {unknown}
 i - a scroll of teleportation {unknown}
 j - a scroll of fog {unknown}
Potions
 f - a potion of mutation {unknown}
 g - a potion of curing {unknown}


   Skills:
 - Level 3.0 Fighting
 + Level 3.4 Long Blades
 - Level 3.0 Armour
 - Level 3.0 Shields


You knew the following spells:

 Your Spells              Type           Power      Damage    Failure   Level
a - Summon Small Mammal   Summ           0%         N/A       87%         1
Your spell library was empty.

Dungeon Overview and Level Annotations

Branches:
Dungeon (2/15) Zot: 11157

Altars:

Annotations:
D:2 Terence


Innate Abilities, Weirdness & Mutations

You are immune to sickness and miasma.
You are immune to poison.
Your flesh is very heat resistant. (rF++)
You are vulnerable to cold. (rC-)
You float through the air rather than walking.
You learn spells naturally, not from books.
Your magical power is your life essence.
You have superior vitality. (+4 MHP)


Message History

You barely miss the adder.
The adder is moderately wounded.
The rat bites you. You block the adder's attack. x2
The rat bites you but does no damage.
You closely miss the adder.
The adder is moderately wounded.
The adder barely misses you. The rat bites you but does no damage.
You slash the adder!
You kill the adder!
The rat bites you but does no damage.
You closely miss the rat. The rat barely misses you. The rat bites you.
You hit the rat but do no damage. The rat bites you but does no damage.
You hit the rat.
The rat is moderately wounded.
The rat bites you.
You hit the rat.
You kill the rat!
No target in view!
No target in view!
No target in view!
No target in view!
No target in view!
No target in view!
No target in view!
An endoplasm comes into view.
Found a scroll labelled BAIDO LOWNOQO.
The endoplasm quivers.
An endoplasm is nearby!
An endoplasm is nearby!
The endoplasm hits you but does no damage.
You barely miss the endoplasm. The endoplasm hits you.
You block the endoplasm's attack.
You hit the endoplasm.
The endoplasm is almost dead.
The endoplasm freezes you.
You are frozen.
You barely miss the endoplasm.
The endoplasm is almost dead.
The endoplasm hits you.
You hit the endoplasm.
You kill the endoplasm!
No target in view!
No target in view!
No target in view!
No target in view!
j - a scroll labelled BAIDO LOWNOQO HP restored.
A kobold comes into view. It is wielding a +0 short sword.
A kobold is nearby!
A kobold is nearby!
Found a ring mail.
A goblin comes into view. It is wielding a +0 club.
Found a whip.
The goblin shouts!
The kobold hits you but does no damage.
You hit the kobold.
The kobold is severely wounded.
The kobold hits you but does no damage.
Terence the Incautious comes into view.
He is wielding a +2 flail of protection.
A kobold comes into view. It is wielding a +0 club.
The kobold hits you with a +0 short sword.
The kobold shouts!
You hit the kobold.
You kill the kobold!
You barely miss the goblin. The goblin hits you but does no damage.
You hit Terence but do no damage. The goblin hits you with a +0 club.
Terence hits you with a +2 flail of protection.
You block Terence's attack. The goblin hits you but does no damage.
You hit Terence.
Terence is lightly wounded.
Terence hits you with a +2 flail of protection.
The goblin hits you but does no damage.
You are too injured to fight recklessly!
You are too injured to fight recklessly!
You are too injured to fight recklessly!
You are too injured to fight recklessly!
There are monsters nearby!
Unknown command.
Press: ? - help, v - describe, . - travel
Here: Terence, wielding a +2 flail of protection and wearing a +0 scale mail (lightly wounded)
The floor.
Unknown command.
Okay, then.
You feel very mighty all of a sudden. The goblin closely misses you.
Terence says, "How do you enjoy it?" Terence barely misses you.
You hit Terence.
Terence is lightly wounded.
The kobold barely misses you. Terence hits you but does no damage.
The goblin completely misses you.
A worm comes into view.
You hit Terence but do no damage.
Terence is lightly wounded.
A giant cockroach comes into view.
Terence hits you with a +2 flail of protection!
* * * LOW HITPOINT WARNING * * *
The kobold barely misses you. The goblin hits you but does no damage.
Terence hits you with a +2 flail of protection!
You die...

####### ....... .......
.w..... ###
..B....######## ..#
..............# #.#
..............#####.#
......)g@........##.#####
.)......K@....##.#......#
.......#########.#.##...#
.###### #.#.###..#.
#.....#..#. #.....##.#.
#.....##.#. #.....##...
#.#.####.#. #.#.#......


You could see Terence, a giant cockroach, a goblin and a kobold.

Vanquished Creatures
  An adder (D:2)
  2 dart slugs (D:1)
  4 endoplasms
  2 giant cockroaches (D:1)
  3 goblins (D:1)
  A hobgoblin (D:1)
  2 jackals (D:1)
  2 bats (D:1)
  A frilled lizard (D:1)
  4 kobolds
  3 rats
25 creatures vanquished.

Vanquished Creatures (others)
  13 withered plants (D:1)
13 creatures vanquished.

Grand Total: 38 creatures vanquished

Notes
Turn   | Place    | Note
-------+----------+-------------------------------------------
     0 | D:1      | Flugkiller the Djinni Fighter began the quest for the Orb.
     0 | D:1      | Reached XP level 1. HP: 20/20 MP: 0/0
    44 | D:1      | Reached XP level 2. HP: 25/25 MP: 0/0
   345 | D:1      | Reached XP level 3. HP: 28/30 MP: 0/0
   345 | D:1      | Learned a level 1 spell: Summon Small Mammal
   806 | D:2      | Noticed Terence
   815 | D:2      | Slain by Terence

Illustrated notes

Levels and vault maps discovered:
D:1:      spicycebolla_arrival_clurvy, layout_basic,
          chequers_serial_rivers_small_b
D:2:      layout_basic, basic_altar, shapermc_ecumenical_altar_notcrosses,
          uniq_terence

Skill      XL: |  1  2 |
---------------+-------+-----
Long Blades    | 2 3 |  3.4
Fighting       | |  3.0
Armour         | |  3.0
Shields        | |  3.0

Action                     || total
---------------------------++-------
  Melee: Long sword        ||    88
    Use: Potion            ||     1
 Armour: Scale mail        ||    50
  Dodge: Dodged            ||    44
  Block: Buckler           ||    18
